 Dungeon Crawl Stone Soup version 0.19-a0-1513-gf6d23ed (webtiles) character file.

472 Amnesiac the Slasher (level 7, -6/67 HPs)
             Began as a Halfling Berserker on Sept 12, 2016.
             Was a Priest of Trog.
             Mangled by an ogre
             ... wielding a +0 giant spiked club
              (12 damage)
             ... on level 4 of the Dungeon.
             The game lasted 00:05:26 (4545 turns).

Amnesiac the Slasher (Halfling Berserker)           Turns: 4545, Time: 00:05:27

Health: -6/67      AC: 14    Str: 23    XL:     7   Next: 31%
Magic:  7/7        EV: 12    Int:  5    God:    Trog [***...]
Gold:   265        SH:  0    Dex: 16    Spells: 0 memorised, 6 levels left

rFire  . . .     SeeInvis .     a - +1 falchion
rCold  . . .     Gourm    .     n - +0 plate armour (curse)
rNeg   . . .     Faith    .     (shield restricted)
rPois  .         Spirit   .     j - +0 helmet
rElec  .         Dismiss  .     q - +0 cloak
rCorr  .         Reflect  .     u - +0 pair of gloves
MR     .....     Harm     .     (no boots)
Stlth  ..........               (no amulet)
                                (no ring)
                                w - ring of flight

@: berserking, very quick
A: mutation resistance 1
a: Berserk, Trog's Hand, Burn Spellbooks, Renounce Religion, Evoke Flight


You were on level 4 of the Dungeon.
You worshipped Trog.
Trog was most pleased with you.
You were hungry.

You visited 1 branch of the dungeon, and saw 4 of its levels.

You collected 265 gold pieces.

Inventory:

Hand Weapons
 a - a +1 falchion (weapon)
Armour
 i - a +0 shield
 j - a +0 helmet (worn)
 k - a +0 leather armour of fire resistance
 n - a cursed +0 plate armour (worn)
 q - a +0 cloak (worn)
 s - a +0 robe
 u - a +0 pair of gloves (worn)
Jewellery
 w - a ring of flight (left hand)
Scrolls
 b - a scroll of teleportation
 d - a scroll of blinking
 f - 3 scrolls of identify
 h - a scroll of enchant weapon
 r - a scroll of random uselessness {unknown}
 t - a scroll of remove curse
Potions
 e - a potion of resistance
 g - 2 potions of curing {unknown}
 p - a potion of flight
 x - a potion of degeneration {unknown}
 z - a potion of agility {unknown}
Books
 y - a book of Transfigurations

   Spells                             Type                      Level
   a - Irradiate                      Conjuration/Transmutation    5
   b - Statue Form                    Transmutation/Earth          6
   c - Hydra Form                     Transmutation                6
   d - Dragon Form                    Transmutation                7
   Trog disapproves of the use of such an item.
Comestibles
 c - 2 bread rations
 l - 3 meat rations
 m - 3 beef jerkies
 o - a royal jelly
 v - 3 chunks of flesh


   Skills:
 - Level 2.6 Fighting
 - Level 6.0 Long Blades
 - Level 2.1 Armour
 + Level 5.8 Dodging


You had 6 spell levels left.
You didn't know any spells.

Dungeon Overview and Level Annotations

Branches:
Dungeon (4/15)
 Temple: D:4-7

Altars:
Cheibriados
Dithmenos
Fedhas


Innate Abilities, Weirdness & Mutations

You are small and have problems with some larger weapons.
You are somewhat resistant to further mutation.


Message History

The ogre is lightly wounded.
The ogre hits you with a giant spiked club.
You hit the ogre.
The ogre is moderately wounded.
The ogre hits you with a giant spiked club.
You hit the ogre.
The ogre is heavily wounded.
The ogre hits you with a giant spiked club!!
Ouch! That really hurt!
* * * LOW HITPOINT WARNING * * *
You are too injured to fight recklessly!
You are too injured to fight recklessly!
You are too injured to fight recklessly!
A red film seems to cover your vision as you go berserk!
You feel yourself moving faster!
You feel mighty!
You are feeling hungry.
Your plate armour prevents you from hitting the ogre.
The ogre is heavily wounded.
The ogre hits you with a giant spiked club!
You die...

.##...#.#.# #..#######
.##...#.#.# #..#.....#
.'......#.###..#.###.#
.####...<......#.# #.#
.# #....###.....# #.#
.# #.....##.#.#####.#
## #........#.......#
### #.....#############
..# #..>..#.#.#O@.#.#.#
#.###.....##.#..#..#.##
#..<##....#.#..###..#.#
######....##..##)##..##
#.#..#..##...##..#
#......##.....?..#
######..##...##..#
##..##.##..##
#.#..###..#.#


You could see an ogre.

Vanquished Creatures
  A big kobold (D:3)
  2 hounds (D:4)
  A giant frog skeleton (D:4)
  An iguana (D:4)
  Ijyb (D:2)
  An orc wizard (D:4)
  A worker ant (D:4)
  A hound skeleton (D:4)
  8 adders
  2 oozes
  4 worms
  2 giant geckos (D:1)
  10 orcs
  7 giant cockroaches
  9 goblins
  12 hobgoblins
  11 jackals
  8 kobolds
  2 ball pythons (D:1)
  8 bats
  4 giant newts
  A jackal skeleton (D:4)
  10 rats
107 creatures vanquished.

Notes
Turn   | Place    | Note
-------+----------+-------------------------------------------
     0 | D:1      | Amnesiac the Halfling Berserker began the quest for the Orb.
     0 | D:1      | Reached XP level 1. HP: 15/15 MP: 1/1
    11 | D:1      | You fall through a shaft!
    71 | D:1      | Reached XP level 2. HP: 4/20 MP: 2/2
  1007 | D:1      | Reached skill level 4 in Long Blades
  1007 | D:1      | Reached XP level 3. HP: 22/25 MP: 3/3
  1258 | D:1      | Reached ** piety under Trog
  1789 | D:2      | Reached XP level 4. HP: 17/30 MP: 4/4
  2175 | D:2      | Reached skill level 5 in Long Blades
  2191 | D:2      | Noticed Ijyb
  2213 | D:2      | Killed Ijyb
  2213 | D:2      | Reached XP level 5. HP: 21/35 MP: 5/5
  2862 | D:3      | Found a snail-covered altar of Cheibriados.
  2941 | D:3      | Reached skill level 6 in Long Blades
  3030 | D:3      | Found a blossoming altar of Fedhas.
  3335 | D:3      | Reached *** piety under Trog
  3358 | D:3      | Noticed a big kobold
  3380 | D:3      | Killed a big kobold
  3380 | D:3      | Reached XP level 6. HP: 20/41 MP: 6/6
  3550 | D:3      | Found a shadowy altar of Dithmenos.
  4238 | D:4      | Reached skill level 5 in Dodging
  4238 | D:4      | Reached XP level 7. HP: 45/45 MP: 7/7
  4545 | D:4      | Mangled by an ogre

Vault maps used:
D:1:      dpeg_arrival_round_c, minmay_tromino_v7
D:2:      uniq_iyjb
D:3:      lemuel_doored_altar, nicolae_overflow_crystal_walls,
          nicolae_overflow_hidden_temple
D:4:      minmay_diamond_boxcup

Skill      XL: |  1  2  3  4  5  6 |
---------------+-------------------+-----
Long Blades    | 4 5 6 |  6.0
Dodging        | 3 5 |  5.8
Fighting       | |  2.6
Armour         | |  2.1

Action                   |  1- 3 |  4- 6 |  7- 9 || total
-------------------------+-------+-------+-------++-------
Melee: Falchion          |   125 |   303 |    62 ||   490
Invok: Berserk           |     1 |     1 |     1 ||     3
  Use: Scroll            |       |     9 |       ||     9
 Stab: Sleeping          |     1 |       |       ||     1
  Eat: Chunk             |     4 |     8 |     2 ||    14
Armor: Animal skin       |     4 |       |       ||     4
       Leather armour    |    12 |    23 |       ||    35
       Robe              |       |    22 |       ||    22
       Plate armour      |       |    29 |    25 ||    54
Dodge: Dodged            |    77 |   167 |    30 ||   274
